TOP OF THE 1ST |
Northwest Arkansas Naturals batting - Pitching for Bowie Baysox : LHP Freddy Gutierrez
|
Pitching: LHP Freddy Gutierrez
|
|
Batting: SHB Ryoji Hiraoka
|
0-0: Ball 1-0: Ball 2-0: Foul Ball, location: 2F 2-1: SINGLE (Line Drive, 78S, EV 100.6 MPH)
|
Batting: RHB Kazuki Arai
|
0-0: Called Strike 0-1: Called Strike 0-2: Fly out, F8 (Line Drive, 8RM, EV 102.5 MPH)
|
Batting: RHB Alex Cid
|
0-0: Ball Ryoji Hiraoka steals 2nd base (no throw) 1-0: Ball Passed Ball! Ryoji Hiraoka to third 2-0: Foul Ball, location: 2F 2-1: Ball 3-1: Foul Ball, location: 2F 3-2: Foul Ball, location: 2F 3-2: Foul Ball, location: 2F 3-2: Foul Ball, location: 2F 3-2: SINGLE (Groundball, 56D, EV 109.4 MPH) Ryoji Hiraoka scores
|
Batting: RHB Kevin Wimberly
|
0-0: Ball 1-0: Fly out, F9 (Line Drive, 9, EV 89.4 MPH)
|
Batting: RHB Edwin Ramos
|
0-0: Ball 1-0: Ball 2-0: Ball 3-0: Fly out, F4 (Popup, 34D, EV 46.9 MPH)
|
Top of the 1st over - 1 run, 2 hits, 0 errors, 1 left on base; Northwest Arkansas 1 - Bowie 0 |
BOTTOM OF THE 1ST |
Bowie Baysox batting - Pitching for Northwest Arkansas Naturals : RHP Matthew Orphan
|
Pitching: RHP Matthew Orphan
|
|
Batting: LHB Tom Edwards
|
0-0: Ball 1-0: SINGLE (Groundball, 4MS, EV 63.8 MPH) (infield hit)
|
Batting: RHB Joe Young
|
0-0: Called Strike 0-1: Ball 1-1: Ball 2-1: Ground out 4-3 (Groundball, 13, EV 81.9 MPH) Tom Edwards to second
|
Batting: RHB Muneer Maudad
|
0-0: Foul Ball, location: 2F 0-1: Ball 1-1: Ball 2-1: 2-RUN HOME RUN (Flyball, 7D, EV 98.8 MPH), Distance : 369 ft
|
Batting: LHB Justin Moore
|
0-0: Ball 1-0: Ball 2-0: Ball 3-0: Foul Ball, location: 2F 3-1: Base on Balls
|
Batting: RHB Travis Leonard
|
0-0: Foul Ball, location: 2F 0-1: Called Strike 0-2: Strikes out swinging
|
Batting: LHB Andrew Erens
|
0-0: Swinging Strike 0-1: Foul Ball, location: 2F 0-2: Strikes out looking
|
Bottom of the 1st over - 2 runs, 2 hits, 0 errors, 1 left on base; Northwest Arkansas 1 - Bowie 2 |
TOP OF THE 2ND |
Northwest Arkansas Naturals batting - Pitching for Bowie Baysox : LHP Freddy Gutierrez
|
Batting: RHB Andy Urquhart
|
0-0: Ball 1-0: Ball 2-0: SINGLE (Groundball, 6D, EV 109.4 MPH)
|
Batting: RHB William Lung
|
0-0: Called Strike Andy Urquhart is caught stealing 2nd base 2-4 0-1: Ball 1-1: Called Strike 1-2: Ball 2-2: SOLO HOME RUN (Flyball, 89XD, EV 99.4 MPH), Distance : 405 ft
|
Batting: RHB Eric Erickson
|
0-0: Called Strike 0-1: Called Strike 0-2: Strikes out swinging
|
Batting: SHB Danny Ballenger
|
0-0: Called Strike 0-1: Swinging Strike 0-2: Strikes out swinging, 2-3 out at first.
|
Top of the 2nd over - 1 run, 2 hits, 0 errors, 0 left on base; Northwest Arkansas 2 - Bowie 2 |
BOTTOM OF THE 2ND |
Bowie Baysox batting - Pitching for Northwest Arkansas Naturals : RHP Matthew Orphan
|
Batting: RHB John Gray
|
0-0: Ball 1-0: Foul Ball, location: 2F 1-1: Ball 2-1: Ball 3-1: Base on Balls
|
Batting: RHB Jeremy Sipe
|
0-0: Called Strike John Gray steals 2nd, throwing error, E2 John Gray to third 0-1: Called Strike 0-2: SINGLE (Line Drive, 78S, EV 91.2 MPH) John Gray scores
|
Batting: SHB Jared Boyce
|
0-0: Ball 1-0: Ball 2-0: Called Strike 2-1: Called Strike 2-2: Foul Ball, location: 2F 2-2: Strikes out swinging
|
Batting: LHB Tom Edwards
|
0-0: Called Strike Jeremy Sipe steals 2nd base 0-1: Ball 1-1: Fly out, F9 (Flyball, 9, EV 73.1 MPH)
|
Batting: RHB Joe Young
|
0-0: Ground out 3-1 (Groundball, 34, EV 92.5 MPH)
|
Bottom of the 2nd over - 1 run, 1 hit, 1 error, 1 left on base; Northwest Arkansas 2 - Bowie 3 |
TOP OF THE 3RD |
Northwest Arkansas Naturals batting - Pitching for Bowie Baysox : LHP Freddy Gutierrez
|
Batting: SHB Ryoji Hiraoka
|
0-0: Ball 1-0: Swinging Strike 1-1: Ball 2-1: Ball 3-1: Base on Balls
|
Batting: RHB Kazuki Arai
|
0-0: Ball Ryoji Hiraoka is caught stealing 2nd base 2-4 1-0: Foul Ball, location: 2F 1-1: Ball 2-1: Swinging Strike 2-2: Ball 3-2: Ground out 4-3 (Groundball, 4, EV 88.1 MPH)
|
Batting: RHB Alex Cid
|
0-0: Called Strike 0-1: Ball 1-1: Called Strike 1-2: Ground out 6-3 (Groundball, 4MS, EV 88.8 MPH)
|
Top of the 3rd over - 0 runs, 0 hits, 0 errors, 0 left on base; Northwest Arkansas 2 - Bowie 3 |
BOTTOM OF THE 3RD |
Bowie Baysox batting - Pitching for Northwest Arkansas Naturals : RHP Matthew Orphan
|
Batting: RHB Muneer Maudad
|
0-0: Ball 1-0: Called Strike 1-1: DOUBLE (Line Drive, 9LM, EV 100.0 MPH) - OUT at third base trying to stretch hit.
|
Batting: LHB Justin Moore
|
0-0: Ball 1-0: Ball 2-0: Called Strike 2-1: Fly out, F8 (Flyball, 8LM, EV 91.2 MPH)
|
Batting: RHB Travis Leonard
|
0-0: Ball 1-0: Ball 2-0: Called Strike 2-1: Fly out, F7 (Line Drive, 78M, EV 98.1 MPH)
|
Bottom of the 3rd over - 0 runs, 1 hit, 0 errors, 0 left on base; Northwest Arkansas 2 - Bowie 3 |
TOP OF THE 4TH |
Northwest Arkansas Naturals batting - Pitching for Bowie Baysox : LHP Freddy Gutierrez
|
Batting: RHB Kevin Wimberly
|
0-0: Ball 1-0: Called Strike 1-1: Foul Ball, location: 2F 1-2: Ball 2-2: Ball 3-2: Strikes out swinging
|
Batting: RHB Edwin Ramos
|
0-0: Swinging Strike 0-1: DOUBLE (Line Drive, 78M, EV 104.4 MPH)
|
Batting: RHB Andy Urquhart
|
0-0: Ball 1-0: Ball 2-0: Foul Ball, location: 2F 2-1: DOUBLE (Line Drive, 7LM, EV 105.0 MPH) Edwin Ramos scores
|
Batting: RHB William Lung
|
0-0: Foul Ball, location: 2F 0-1: Ball 1-1: SINGLE (Groundball, 6MD, EV 83.1 MPH) (infield hit) Andy Urquhart to third
|
Batting: RHB Eric Erickson
|
0-0: Ball 1-0: Ball 2-0: Called Strike 2-1: Foul Ball, location: 2F 2-2: Strikes out swinging
|
Batting: SHB Danny Ballenger
|
0-0: Ball 1-0: Ball 2-0: Foul Ball, location: 2F 2-1: Fly out, F7 (Flyball, 7, EV 89.4 MPH)
|
Top of the 4th over - 1 run, 3 hits, 0 errors, 2 left on base; Northwest Arkansas 3 - Bowie 3 |
BOTTOM OF THE 4TH |
Bowie Baysox batting - Pitching for Northwest Arkansas Naturals : RHP Matthew Orphan
|
Batting: LHB Andrew Erens
|
0-0: Called Strike 0-1: Called Strike 0-2: Fly out, F6 (Flyball, 56D, EV 96.9 MPH)
|
Batting: RHB John Gray
|
0-0: Called Strike 0-1: Swinging Strike 0-2: Strikes out swinging
|
Batting: RHB Jeremy Sipe
|
0-0: Ball 1-0: Ball 2-0: Ground out 5-3 (Groundball, 15, EV 89.4 MPH)
|
Bottom of the 4th over - 0 runs, 0 hits, 0 errors, 0 left on base; Northwest Arkansas 3 - Bowie 3 |
TOP OF THE 5TH |
Northwest Arkansas Naturals batting - Pitching for Bowie Baysox : LHP Freddy Gutierrez
|
Batting: SHB Ryoji Hiraoka
|
0-0: Foul Ball, location: 2F 0-1: Foul Ball, location: 2F 0-2: Strikes out swinging
|
Batting: RHB Kazuki Arai
|
0-0: Ball 1-0: Ball 2-0: Called Strike 2-1: SINGLE (Line Drive, 4MD, EV 96.2 MPH)
|
Batting: RHB Alex Cid
|
0-0: Called Strike 0-1: Ball 1-1: Ball 2-1: Ball Kazuki Arai steals 2nd base 3-1: Base on Balls
|
Batting: RHB Kevin Wimberly
|
0-0: Swinging Strike 0-1: Ball 1-1: Ball 2-1: Called Strike 2-2: Ball 3-2: Fly out, F7 (Flyball, 7D, EV 90.6 MPH)
|
Batting: RHB Edwin Ramos
|
0-0: Called Strike 0-1: DOUBLE (Line Drive, 3D, EV 107.5 MPH) Kazuki Arai scores Alex Cid to third
|
Pitching: RHP Cody Calderon
|
|
Batting: RHB Andy Urquhart
|
0-0: Foul Ball, location: 2F 0-1: Foul Ball, location: 2F 0-2: Ball 1-2: Foul Ball, location: 2F 1-2: SINGLE (Flyball, 9S, EV 88.1 MPH) Alex Cid scores Edwin Ramos to third Runner from 3rd tries for Home, SAFE, throw by RF to home
|
Batting: RHB William Lung
|
0-0: Ball 1-0: Fly out, F9 (Flyball, 9, EV 78.8 MPH)
|
Top of the 5th over - 3 runs, 3 hits, 0 errors, 1 left on base; Northwest Arkansas 6 - Bowie 3 |
BOTTOM OF THE 5TH |
Bowie Baysox batting - Pitching for Northwest Arkansas Naturals : RHP Matthew Orphan
|
Batting: SHB Jared Boyce
|
0-0: Called Strike 0-1: Ball 1-1: DOUBLE (Line Drive, 7LM, EV 105.6 MPH)
|
Batting: LHB Tom Edwards
|
0-0: Ball 1-0: SINGLE (Groundball, 56, EV 102.5 MPH) Jared Boyce to third Runner from 3rd tries for Home, SAFE, throw by LF to home Tom Edwards to second
|
Batting: RHB Joe Young
|
0-0: Ball 1-0: Called Strike 1-1: Swinging Strike 1-2: Fly out, F4 (Popup, 3DF, EV 66.2 MPH)
|
Batting: RHB Muneer Maudad
|
0-0: Ball 1-0: Ball 2-0: Ground out 6-3 (Groundball, 6, EV 80.0 MPH) Tom Edwards to third
|
Batting: LHB Justin Moore
|
0-0: Ball 1-0: Ball 2-0: Ball 3-0: Called Strike 3-1: Foul Ball, location: 2F 3-2: Strikes out swinging
|
Bottom of the 5th over - 1 run, 2 hits, 0 errors, 1 left on base; Northwest Arkansas 6 - Bowie 4 |
TOP OF THE 6TH |
Northwest Arkansas Naturals batting - Pitching for Bowie Baysox : RHP Cody Calderon
|
Batting: RHB Eric Erickson
|
0-0: Ball 1-0: Foul Ball, location: 2F 1-1: Called Strike 1-2: Ball 2-2: Foul Ball, location: 2F 2-2: Strikes out swinging
|
Batting: SHB Danny Ballenger
|
0-0: Ball 1-0: Swinging Strike 1-1: Foul Ball, location: 2F 1-2: Strikes out swinging
|
Batting: SHB Ryoji Hiraoka
|
0-0: Swinging Strike 0-1: Ball 1-1: Foul Ball, location: 2F 1-2: Strikes out swinging
|
Top of the 6th over - 0 runs, 0 hits, 0 errors, 0 left on base; Northwest Arkansas 6 - Bowie 4 |
BOTTOM OF THE 6TH |
Bowie Baysox batting - Pitching for Northwest Arkansas Naturals : RHP Matthew Orphan
|
Batting: RHB Travis Leonard
|
0-0: Ball 1-0: Called Strike 1-1: Foul Ball, location: 2F 1-2: Ball 2-2: Ball 3-2: Strikes out swinging
|
Pitching: RHP Kevin Fleming
|
|
Batting: LHB Andrew Erens
|
0-0: Ball 1-0: Foul Ball, location: 2F 1-1: Ball 2-1: Foul Ball, location: 2F 2-2: SINGLE (Flyball, 78S, EV 83.1 MPH)
|
Pitching: RHP Justin Potts
|
|
Batting: RHB John Gray
|
0-0: Ball Andrew Erens steals 2nd, throwing error, E2 Andrew Erens to third 1-0: Foul Ball, location: 2F 1-1: Ground out 4-3 (Groundball, 4, EV 85.0 MPH) Andrew Erens scores
|
Batting: RHB Jeremy Sipe
|
0-0: Ball 1-0: Called Strike 1-1: Fly out, F8 (Flyball, 8LXD, EV 86.9 MPH)
|
Bottom of the 6th over - 1 run, 1 hit, 1 error, 0 left on base; Northwest Arkansas 6 - Bowie 5 |
TOP OF THE 7TH |
Northwest Arkansas Naturals batting - Pitching for Bowie Baysox : RHP Cody Calderon
|
Batting: RHB Kazuki Arai
|
0-0: Called Strike 0-1: Foul Ball, location: 2F 0-2: Ball 1-2: Ball 2-2: Strikes out swinging
|
Batting: RHB Alex Cid
|
0-0: Ball 1-0: Fly out, F7 (Flyball, 78D, EV 96.2 MPH)
|
Batting: RHB Kevin Wimberly
|
0-0: Ball 1-0: Ball 2-0: Ground out 6-3 (Groundball, 56, EV 87.5 MPH)
|
Top of the 7th over - 0 runs, 0 hits, 0 errors, 0 left on base; Northwest Arkansas 6 - Bowie 5 |
BOTTOM OF THE 7TH |
Bowie Baysox batting - Pitching for Northwest Arkansas Naturals : RHP Justin Potts
|
Batting: SHB Jared Boyce
|
0-0: Ball 1-0: Called Strike 1-1: Called Strike 1-2: Ball 2-2: Strikes out swinging
|
Batting: LHB Tom Edwards
|
0-0: Called Strike 0-1: Ball 1-1: Ball 2-1: Ball 3-1: Swinging Strike 3-2: Base on Balls
|
Batting: RHB Joe Young
|
0-0: Ball Tom Edwards steals 2nd base 1-0: Foul Ball, location: 2F 1-1: Called Strike 1-2: SINGLE (Groundball, 25, EV 67.5 MPH) (infield hit) Tom Edwards to third
|
Batting: RHB Muneer Maudad
|
0-0: Called Strike 0-1: Fly out, F7 (Flyball, 78S, EV 80.0 MPH)
|
Batting: LHB Justin Moore
|
0-0: Ball 1-0: Swinging Strike 1-1: Fly out, F4 (Popup, 13S, EV 83.1 MPH)
|
Bottom of the 7th over - 0 runs, 1 hit, 0 errors, 2 left on base; Northwest Arkansas 6 - Bowie 5 |
TOP OF THE 8TH |
Northwest Arkansas Naturals batting - Pitching for Bowie Baysox : RHP Cody Calderon
|
Batting: RHB Edwin Ramos
|
0-0: Called Strike 0-1: Called Strike 0-2: Foul Ball, location: 2F 0-2: Ball 1-2: Foul Ball, location: 2F 1-2: Foul Ball, location: 2F 1-2: Ball 2-2: Foul Ball, location: 2F 2-2: Ball 3-2: Foul Ball, location: 2F 3-2: Foul Ball, location: 2F 3-2: Base on Balls
|
Batting: RHB Andy Urquhart
|
0-0: Fly out, F8 (Line Drive, 8RM, EV 103.1 MPH)
|
Batting: RHB William Lung
|
0-0: Called Strike 0-1: Swinging Strike 0-2: Foul Ball, location: 2F 0-2: Foul Ball, location: 2F 0-2: Strikes out swinging
|
Batting: RHB Eric Erickson
|
0-0: Ball Edwin Ramos steals 2nd base 1-0: Called Strike 1-1: Ball 2-1: Ball 3-1: Foul Ball, location: 2F 3-2: 2-RUN HOME RUN (Flyball, 9LD, EV 91.2 MPH), Distance : 334 ft
|
Batting: SHB Danny Ballenger
|
0-0: Ball 1-0: Called Strike 1-1: Foul Ball, location: 2F 1-2: Strikes out swinging
|
Top of the 8th over - 2 runs, 1 hit, 0 errors, 0 left on base; Northwest Arkansas 8 - Bowie 5 |
BOTTOM OF THE 8TH |
Bowie Baysox batting - Pitching for Northwest Arkansas Naturals : RHP Justin Potts
|
Pitching: RHP Brian Straub
|
|
Batting: RHB Travis Leonard
|
0-0: Called Strike 0-1: Foul Ball, location: 2F 0-2: Strikes out swinging
|
Batting: LHB Andrew Erens
|
0-0: Swinging Strike 0-1: Swinging Strike 0-2: Hit by Pitch
|
Batting: RHB John Gray
|
0-0: Called Strike 0-1: Ball 1-1: Foul Ball, location: 2F 1-2: Strikes out swinging
|
Batting: RHB Jeremy Sipe
|
0-0: Ball 1-0: Ball 2-0: Foul Ball, location: 2F 2-1: Foul Ball, location: 2F 2-2: Ball 3-2: Base on Balls Andrew Erens to second
|
Batting: SHB Jared Boyce
|
0-0: Ball 1-0: Ball 2-0: SINGLE (Line Drive, 9S, EV 100.0 MPH) Andrew Erens to third Jeremy Sipe to second
|
Batting: LHB Tom Edwards
|
0-0: Ground out 4-3 (Groundball, 34D, EV 92.5 MPH)
|
Bottom of the 8th over - 0 runs, 1 hit, 0 errors, 3 left on base; Northwest Arkansas 8 - Bowie 5 |
TOP OF THE 9TH |
Northwest Arkansas Naturals batting - Pitching for Bowie Baysox : RHP Cody Calderon
|
Pitching: RHP Mike Brubaker
|
|
Batting: SHB Ryoji Hiraoka
|
0-0: Ball 1-0: Ball 2-0: Ball 3-0: Called Strike 3-1: Base on Balls
|
Batting: RHB Kazuki Arai
|
0-0: Ball Ryoji Hiraoka steals 2nd base 1-0: Called Strike 1-1: Ball 2-1: Ball 3-1: Base on Balls
|
Batting: RHB Alex Cid
|
0-0: Ball 1-0: Fielders Choice at 2nd, 5-4 (Groundball, 56, EV 85.6 MPH) Ryoji Hiraoka to third
|
Batting: RHB Kevin Wimberly
|
0-0: Ball 1-0: Ball 2-0: SINGLE (Line Drive, 8RS, EV 95.0 MPH) Ryoji Hiraoka scores Alex Cid to second
|
Batting: RHB Edwin Ramos
|
0-0: Called Strike 0-1: Ball 1-1: Ground out 5-3 (Groundball, 56S, EV 65.6 MPH) Alex Cid to third Kevin Wimberly to second
|
Batting: RHB Andy Urquhart
|
0-0: Ball 1-0: Foul Ball, location: 2F 1-1: Called Strike 1-2: Ground out 6-3 (Groundball, 6, EV 101.9 MPH)
|
Top of the 9th over - 1 run, 1 hit, 0 errors, 2 left on base; Northwest Arkansas 9 - Bowie 5 |
BOTTOM OF THE 9TH |
Bowie Baysox batting - Pitching for Northwest Arkansas Naturals : RHP Brian Straub
|
Pitching: RHP John Barnett
|
|
Batting: RHB Joe Young
|
0-0: Swinging Strike 0-1: Ball 1-1: Swinging Strike 1-2: Ball 2-2: Ball 3-2: Ground out 5-3 (Groundball, 56S, EV 89.4 MPH)
|
Batting: RHB Muneer Maudad
|
0-0: Ball 1-0: Ground out 6-3 (Groundball, 6, EV 87.5 MPH)
|
Batting: LHB Justin Moore
|
0-0: Foul Ball, location: 2F 0-1: Ball 1-1: Ground out U3 (Groundball, 3D, EV 111.2 MPH)
|
Bottom of the 9th over - 0 runs, 0 hits, 0 errors, 0 left on base; Northwest Arkansas 9 - Bowie 5 |
|